 Dungeon Crawl Stone Soup version 0.31-a0-851-g7ff8af7976 (webtiles) character file.

Game seed: 1400654854345891938

24531 Darius099 the Severer (level 12, -11/104 HPs)
             Began as a Minotaur Fighter on Oct 7, 2023.
             Was the Champion of Okawaru.
             Mangled by a komodo dragon (22 damage)
             ... on level 1 of the Lair of Beasts.
             The game lasted 00:54:44 (11283 turns).

Darius099 the Severer (Minotaur Fighter)           Turns: 11283, Time: 00:54:46

Health: -11/104    AC: 23    Str: 33    XL:     12   Next: 81%
Magic:  16/16      EV:  9    Int:  5    God:    Okawaru [******]
Gold:   519        SH: 11    Dex:  9    Spells: 11/11 levels left

rFire   . . .        J - +1 broad axe
rCold   . . .        O - +0 kite shield {AC+3}
rNeg    . . .        I - +2 chain mail {Will+}
rPois   .            N - +2 hat {Stlth+}
rElec   .            F - +1 cloak
rCorr   .            K - +0 pair of gloves
SInv    .            (no boots)
Will    ++...        b - amulet of regeneration Stlth
                     w - ring of willpower
HPRegen 1.17/turn    h - +6 ring of strength
MPRegen 0.15/turn

%: no passive effects
@: no status effects
A: horns 2, retaliatory headbutt
a: Renounce Religion, Heroism, Finesse, Duel, Receive Weapon, Receive Armour


You were on level 1 of the Lair of Beasts.
You worshipped Okawaru.
Okawaru was exalted by your worship.
You visited 3 branches of the dungeon, and saw 15 of its levels.

You collected 758 gold pieces.
You spent 239 gold pieces at shops.

Inventory:

Hand Weapons
 J - a +1 broad axe (weapon)
Missiles
 q - 2 silver javelins
 H - 2 throwing nets
Armour
 F - a +1 cloak (worn)
 I - a +2 chain mail of willpower (worn)
 K - a +0 pair of gloves (worn)
 N - a +2 hat of stealth (worn)
 O - a +0 kite shield of protection (worn)
Jewellery
 b - an amulet of regeneration (around neck)
 h - a +6 ring of strength (right hand)
 o - a ring of positive energy
 w - a ring of willpower (left hand)
 C - a ring of willpower
Wands
 a - a wand of iceblast (8)
 v - a wand of flame (26)
 y - a wand of mindburst (27)
 z - a wand of digging (7)
 A - a wand of light (7)
 B - a wand of paralysis (15)
Scrolls
 g - a scroll of poison
 k - a scroll of immolation
 p - a scroll of enchant weapon
 r - a scroll of fog {unknown}
 s - 4 scrolls of teleportation
 t - a scroll of blinking {unknown}
Potions
 c - 3 potions of mutation {unknown}
 d - 2 potions of might
 e - 2 potions of enlightenment {unknown}
 f - 5 potions of curing
 i - 3 potions of invisibility {unknown}
 j - 4 potions of attraction
 l - 3 potions of lignification
 m - a potion of ambrosia {unknown}
 n - 5 potions of heal wounds
 u - 2 potions of cancellation {unknown}
 G - 3 potions of haste {unknown}
 M - 3 potions of brilliance {unknown}


   Skills:
 + Level 9.3 Fighting
 - Level 16.8 Axes
 - Level 11.0 Armour
 - Level 11.0 Shields
 + Level 6.9 Invocations
 - Level 4.7 Evocations


You had 11 spell levels left.
You didn't know any spells.
Your spell library contained the following spells:

 Spells                   Type           Power      Damage    Failure   Level
 Frozen Ramparts          Ice            0%         1d1       100%        3
 Inner Flame              Hex/Fire       0%         N/A       100%        3
 Sigil of Binding         Hex            0%         N/A       100%        3
 Cause Fear               Hex            0%         N/A       100%        4
 Dimensional Bullseye     Hex/Tloc       0%         N/A       100%        4
 Leda's Liquefaction      Hex/Erth       0%         N/A       100%        4
 Petrify                  Tmut/Erth      0%         N/A       100%        4
 Fireball                 Conj/Fire      0%         3d3       100%        5
 Metabolic Englaciation   Hex/Ice        0%         N/A       100%        5
 Yara's Violent Unravell  Hex/Tmut       0%         3d3       100%        5
 Enfeeble                 Hex            0%         N/A       100%        7
 Call Canine Familiar     Summ           Unusable   N/A       N/A         3
 Dragon's Call            Summ           Unusable   N/A       N/A         9

Dungeon Overview and Level Annotations

Branches:
Dungeon (13/15)            Temple (1/1) D:7            Lair (1/5) D:10
    Orc (0/2) D:11
 Vaults: D:13-14

Altars:
Ashenzari
Cheibriados
Dithmenos
Elyvilon
Fedhas
Gozag
Hepliaklqana
Kikubaaqudgha
Makhleb
Nemelex Xobeh
Okawaru
Qazlal
Ru
Sif Muna
Trog
Uskayaw
Vehumet
Wu Jian
Xom
Yredelemnul
Zin
The Shining One

Shops:
D:9 =:!*(   D:12 [

Annotations:
D:10 1 runed translucent door
D:13 Sonja


Innate Abilities, Weirdness & Mutations

You have a pair of horns on your head.
You reflexively headbutt those who attack you in melee.


Message History

The komodo dragon bites you.
You slice the komodo dragon!!
The komodo dragon is almost dead.
You slash the komodo dragon! You completely miss the komodo dragon.
The komodo dragon is almost dead.
You closely miss the komodo dragon. You block the komodo dragon's attack.
The komodo dragon bites you but does no damage.
You closely miss the komodo dragon. You headbutt the komodo dragon!
You kill the komodo dragon!
Okawaru accepts your kill.
You hit the komodo dragon but do no damage.
You block the komodo dragon's attack.
You slash the komodo dragon! You headbutt the komodo dragon.
The komodo dragon is almost dead.
You barely miss the komodo dragon.
The komodo dragon is almost dead.
The komodo dragon bites you.
You slice the basilisk!! You headbutt the basilisk!
You kill the basilisk!
Okawaru accepts your kill.
You hit the komodo dragon but do no damage.
You hit the komodo dragon but do no damage. x2
You block the komodo dragon's attack. The komodo dragon bites you!!
You slice the komodo dragon!! You headbutt the komodo dragon!
The komodo dragon is severely wounded.
You closely miss the komodo dragon. You block the komodo dragon's attack.
The komodo dragon bites you!
* * * LOW HITPOINT WARNING * * *
You closely miss the komodo dragon.
The komodo dragon is severely wounded.
You closely miss the komodo dragon. The komodo dragon bites you.
* * * LOW HITPOINT WARNING * * *
You hit the komodo dragon. You headbutt the komodo dragon.
The komodo dragon is almost dead.
You hit the komodo dragon but do no damage.
The komodo dragon bites you!!
* * * LOW HITPOINT WARNING * * *
The komodo dragon bites you!!
You die...

## ### ## ##
.############.###.#.P###
........................
......##.#####.#@l......
#...............#l..#~♣~
##....#.........#...#
##....#.........#...#
##....#.........#.....
##....#.........#....P~
.#..............#...#.~.
.#....#......... ...#.~~
......+.........#...# ~~


You could see 2 komodo dragons.

Vanquished Creatures
  Gastronok (D:10)
  Harold (D:9)
  A centaur warrior (D:12)
  2 two-headed ogres (D:11)
  3 boulder beetles
  A deep elf pyromancer (D:12)
  An ugly thing (D:11)
  3 cyclopes (D:12)
  A black mamba (Lair:1)
  Maurice (D:9)
  A gargoyle (D:10)
  Maggie (D:9)
  A kobold demonologist (D:11)
  3 unseen horrors
  5 trolls
  4 komodo dragons (Lair:1)
  A polar bear (Lair:1)
  A hornet (D:9)
  4 blink frogs (Lair:1)
  2 wraiths
  Sigmund (D:2)
  A vampire (D:10)
  15 yaks
  Grum (Lair:1)
  A basilisk (Lair:1)
  8 vampire mosquitoes (D:11)
  14 water moccasins
  An ice beast (D:5)
  4 orc warriors
  5 black bears
  7 ogres
  2 sky beasts
  3 wolves (Lair:1)
  2 centaurs
  A phantom (D:7)
  4 kobold brigands
  13 bullfrogs
  6 gnoll sergeants
  A scorpion (D:6)
  14 wights
  9 killer bees
  8 howler monkeys
  5 electric eels (Lair:1)
  4 orc priests
  4 hounds
  Crazy Yiuf (D:2)
  A gnoll bouda (D:3)
  An iron imp (D:8)
  Natasha (thrice) (D:3)
  3 iguanas
  2 sleepcaps
  9 orc wizards
  Ijyb (D:3)
  Robin (D:2)
  17 gnolls
  11 adders
  2 shadow imps (D:5)
  An ufetubus (D:4)
  2 worms
  A dart slug (D:3)
  25 orcs
  6 ball pythons
  3 bats
  8 endoplasms
  2 giant cockroaches
  22 goblins
  6 hobgoblins
  7 jackals
  2 quokkas
  2 frilled lizards
  10 kobolds
  4 rats
325 creatures vanquished.

Notes
Turn   | Place    | Note
-------+----------+-------------------------------------------
     0 | D:1      | Darius099 the Minotaur Fighter began the quest for the Orb.
     0 | D:1      | Reached XP level 1. HP: 19/19 MP: 0/0
   224 | D:1      | Reached skill level 3 in Axes
   246 | D:1      | Reached XP level 2. HP: 25/27 MP: 1/1
   354 | D:1      | Reached skill level 4 in Axes
   681 | D:1      | Reached XP level 3. HP: 33/33 MP: 2/2
   988 | D:2      | Noticed Sigmund
  1001 | D:2      | Killed Sigmund
  1002 | D:2      | Reached skill level 6 in Axes
  1002 | D:2      | Reached XP level 4. HP: 18/40 MP: 3/3
  1002 | D:2      | Reached XP level 5. HP: 21/46 MP: 4/4
  1298 | D:2      | Noticed Robin
  1307 | D:2      | Reached skill level 7 in Axes
  1316 | D:2      | Killed Robin
  1446 | D:2      | Found a runed translucent door.
  1447 | D:2      | Noticed Crazy Yiuf
  1454 | D:2      | Killed Crazy Yiuf
  1455 | D:2      | Reached XP level 6. HP: 37/52 MP: 5/5
  2042 | D:3      | Reached skill level 8 in Axes
  2098 | D:3      | Noticed Ijyb
  2112 | D:3      | Killed Ijyb
  2380 | D:3      | Found a blossoming altar of Fedhas.
  2509 | D:3      | Found a broken altar of Ashenzari.
  2759 | D:3      | Noticed Natasha
  2774 | D:3      | Killed Natasha
  2779 | D:3      | Noticed Natasha
  2787 | D:3      | Killed Natasha
  2788 | D:3      | Reached skill level 9 in Axes
  2791 | D:3      | Noticed Natasha
  2794 | D:3      | Killed Natasha
  2984 | D:3      | Found a faded altar of an unknown god.
  2993 | D:3      | Reached XP level 7. HP: 58/58 MP: 6/6
  3695 | D:5      | Entered Level 5 of the Dungeon
  3706 | D:5      | Reached skill level 10 in Axes
  3791 | D:5      | Reached skill level 11 in Axes
  3826 | D:5      | Reached XP level 8. HP: 11/66 MP: 7/7
  4560 | D:6      | Reached skill level 12 in Axes
  4842 | D:6      | Reached skill level 13 in Axes
  5224 | D:6      | Reached skill level 14 in Axes
  5224 | D:6      | Reached XP level 9. HP: 36/71 MP: 8/8
  5388 | D:7      | Found a staircase to the Ecumenical Temple.
  5443 | Temple   | Entered the Ecumenical Temple
  5462 | Temple   | Became a worshipper of Warmaster Okawaru
  5768 | D:7      | Reached skill level 15 in Axes
  5965 | D:7      | Found a sacrificial altar of Ru.
  5965 | D:7      | Found an ancient bone altar of Kikubaaqudgha.
  6173 | D:8      | Reached * piety under Okawaru
  6301 | D:8      | Reached skill level 16 in Axes
  6755 | D:8      | Found a snail-covered altar of Cheibriados.
  6839 | D:9      | Noticed a troll
  6855 | D:9      | Killed a troll
  6871 | D:9      | Reached XP level 10. HP: 44/78 MP: 9/9
  6902 | D:9      | Found Noecruev's Book Shoppe.
  6941 | D:9      | Noticed Harold
  6959 | D:9      | Killed Harold
  6959 | D:9      | Reached ** piety under Okawaru
  6969 | D:9      | Reached skill level 5 in Armour
  6969 | D:9      | Reached skill level 5 in Shields
  7000 | D:9      | Reached *** piety under Okawaru
  7242 | D:9      | Found Jyrumeat's General Store.
  7261 | D:9      | Found Lomebret's Weapon Boutique.
  7281 | D:9      | Noticed Maggie
  7301 | D:9      | Reached **** piety under Okawaru
  7315 | D:9      | Killed Maggie
  7364 | D:9      | Bought a +0 broad axe for 52 gold pieces
  7391 | D:9      | Noticed Maurice
  7401 | D:9      | Maurice stole 2 throwing nets
  7407 | D:9      | Killed Maurice
  7719 | D:9      | Found Iwiumm's Jewellery Shoppe.
  7755 | D:9      | Found Foaq's Distillery.
  7775 | D:10     | Entered Level 10 of the Dungeon
  7861 | D:10     | Reached XP level 11. HP: 83/83 MP: 10/10
  7954 | D:10     | Found a staircase to the Lair.
  8474 | D:10     | Noticed Gastronok
  8496 | D:10     | Killed Gastronok
  8496 | D:10     | Reached ***** piety under Okawaru
  8497 | D:10     | Reached skill level 10 in Armour
  8497 | D:10     | Reached skill level 10 in Shields
  8670 | D:10     | Found a runed translucent door.
  8671 | D:10     | Noticed a five-headed hydra
  8672 | D:10     | Noticed a deep troll
  8789 | D:11     | Noticed a two-headed ogre
  8790 | D:11     | Noticed a two-headed ogre
  8795 | D:11     | Killed a two-headed ogre
  8799 | D:11     | Killed a two-headed ogre
  8848 | D:11     | Found a staircase to the Orcish Mines.
  8882 | D:11     | Received a gift from Okawaru
  8883 | D:11     | Reached skill level 1 in Invocations
  8925 | D:10     | Reached skill level 1 in Evocations
  9253 | D:11     | Noticed a boulder beetle
  9281 | D:11     | Killed a boulder beetle
  9282 | D:11     | Reached skill level 5 in Fighting
  9348 | D:11     | Noticed a boulder beetle
  9369 | D:11     | Reached XP level 12. HP: 90/94 MP: 13/13
  9407 | D:11     | Killed a boulder beetle
  9715 | D:12     | Noticed a centaur warrior
  9792 | D:12     | Killed a centaur warrior
 10050 | D:12     | Noticed a boulder beetle
 10082 | D:12     | Killed a boulder beetle
 10082 | D:12     | Received a gift from Okawaru
 10129 | D:12     | Reached skill level 5 in Invocations
 10179 | D:12     | Found Suimic's Antique Armour Shoppe.
 10194 | D:12     | Bought an embroidered cloak for 187 gold pieces
 10265 | D:13     | Noticed Sonja
 10265 | D:13     | Noticed a centaur warrior
 10393 | Lair:1   | Entered Level 1 of the Lair of Beasts
 10827 | Lair:1   | Noticed Grum
 10832 | Lair:1   | Killed Grum
 10883 | Lair:1   | Reached ****** piety under Okawaru
 11283 | Lair:1   | Mangled by a komodo dragon

Illustrated notes

Levels and vault maps discovered:
D:1:      dpeg_arrival_shelter, layout_basic
D:2:      layout_loops_cross, uniq_crazy_yiuf_cottage, uniq_sigmund, uniq_robin
D:3:      kennysheep_goblin_castle, layout_loops_corners,
          general_overflow_altar, evilmike_ruin_ashenzari,
          shapermc_ecumenical_altar_venn, grunt_ministairs_7, uniq_natasha
D:4:      layout_basic, solitary_fountain
D:5:      layout_loops_cross, amcnicky_mini_corridor_feature
D:6:      layout_cave_pools, serial_park, serial_park_gazebo
          [serial_park_minivault_5x5_1], serial_park_tiny_1,
          serial_park_avenue1, grunt_decor_cap, minmay_misc_feat_hallway,
          minivault_4, kennysheep_nondescript, minmay_misc_feat_more_columns
D:7:      layout_cave_pods, gammafunk_temple_overflow_pools,
          minmay_temple_entry_stoned_glass
D:8:      layout_loops_cross, chei_slow_surprise
D:9:      layout_loops_ring, serial_shops, nicolae_shop_advertising_works
          [nicolae_subvault_shop_adworks], nicolae_shop_just_a_little_nook,
          kennysheep_little_box, shop, shop, uniq_maurice, uniq_harold,
          uniq_maggie
D:10:     layout_roguey, due_lair_maze_entry_diamond, wad_hexagon,
          uniq_gastronok
D:11:     layout_cave_pools, kennysheep_orc_monster_closet_entryway
D:12:     layout_roguey, serial_shops, shop
D:13:     layout_rooms, grunt_vaults_entry_tiered,
          gammafunk_ghost_nasty_kobolds, fountainhead, uniq_sonja
Temple:   minmay_crystal_spiral_temple
Lair:1:   layout_regular_city, serial_bayou, serial_bayou_ford_a,
          serial_bayou_shore_a, serial_bayou_lake_a, serial_bayou_pond_a,
          serial_bayou_pond_b, serial_bayou_pond_e, uniq_grum

Skill      XL: |  1  2  3  4  5  6  7  8  9 10 11 12 |
---------------+-------------------------------------+-----
Axes           | 3 4 6 7 9 11 14 16 | 16.8
Armour         | 8 11 | 11.0
Shields        | 8 11 | 11.0
Fighting       | 5 9 |  9.3
Invocations    | 2 6 |  6.9
Evocations     | 2 4 |  4.7

Action                     |  1- 3 |  4- 6 |  7- 9 | 10-12 || total
---------------------------+-------+-------+-------+-------++-------
  Melee: War axe           |    55 |   114 |   305 |   145 ||   619
         Headbutt          |     5 |     9 |    50 |   147 ||   211
         Broad axe         |       |       |       |   549 ||   549
 Invoke: Heroism           |       |       |       |     1 ||     1
    Use: Scroll            |       |       |       |    14 ||    14
 Armour: Scale mail        |    34 |    55 |       |       ||    89
         Chain mail        |       |    44 |   280 |   564 ||   888
  Dodge: Dodged            |    44 |    56 |   123 |   164 ||   387
  Block: Buckler           |    11 |    27 |    64 |       ||   102
         Kite shield       |       |       |     5 |   322 ||   327

Table legend: (Time is in decaauts)
 A = Elapsed time spent in this place.
 B = Non-inter-level travel time spent in this place.
 C = Inter-level travel time spent in this place.
 D = Time resting spent in this place.
 E = Time spent auto-exploring this place.
 F = Levels seen in this place.
 G = Mean time per level.
                   A        B        C        D        E       F      G
               +--------+--------+--------+--------+--------+-----+--------+
         Total |  11188 |  10872 |    316 |   1318 |   4332 |  15 |  745.9 |
       Dungeon |  10369 |  10071 |    298 |   1252 |   4162 |  13 |  797.6 |
        Temple |     38 |     20 |     18 |      0 |      0 |   1 |   38.0 |
          Lair |    780 |    780 |      0 |     66 |    169 |   1 |  780.0 |
               +--------+--------+--------+--------+--------+-----+--------+

Top non-repeatable levels by time:
     D:3: 1245 daAuts
    D:10: 1124 daAuts
     D:2: 1026 daAuts
    D:11: 954 daAuts
     D:1: 937 daAuts
     D:9: 902 daAuts
     D:5: 804 daAuts
  Lair:1: 780 daAuts
     D:7: 769 daAuts
     D:6: 748 daAuts
     D:8: 747 daAuts
    D:12: 581 daAuts
     D:4: 516 daAuts
  Temple: 38 daAuts
    D:13: 10 daAuts
